 Dungeon Crawl Stone Soup version 0.20.1-1-g8b1a95d (webtiles) character file.

89 Dainius the Skirmisher (level 4, -2/41 HPs)
             Began as a Minotaur Fighter on Oct 25, 2017.
             Slain by Natasha (4 damage)
             ... on level 2 of the Dungeon.
             The game lasted 00:06:05 (1082 turns).

Dainius the Skirmisher (Minotaur Fighter)           Turns: 1082, Time: 00:06:06

Health: -2/41      AC:  7    Str: 22    XL:     4   Next: 31%
Magic:  3/3        EV:  7    Int:  5    God:
Gold:   59         SH:  9    Dex:  9    Spells: 3/3 levels left

rFire    . . .     SeeInvis .   a - +0 long sword
rCold    . . .     Gourm    .   c - +0 shield
rNeg     . . .     Faith    .   b - +0 scale mail
rPois    .         Spirit   .   (helmet restricted)
rElec    .         Reflect  .   (no cloak)
rCorr    .         Harm     .   (no gloves)
MR       .....                  (no boots)
Stlth    ..........             (no amulet)
Regen    0.2/turn               (no ring)
MPRegen  0.1/turn               (no ring)

@: slowed, very slow
A: retaliatory headbutt, horns 2
a: no special abilities


You were on level 2 of the Dungeon.
You were not hungry.

You visited 1 branch of the dungeon, and saw 2 of its levels.

You collected 59 gold pieces.

Inventory:

Hand Weapons
 a - a +0 long sword (weapon)
Armour
 b - a +0 scale mail (worn)
 c - a +0 shield (worn)
Jewellery
 g - a +5 ring of evasion {unknown}
Scrolls
 h - 2 scrolls of fog {unknown}
 i - 2 scrolls of teleportation {unknown}
 k - a scroll of remove curse {unknown}
 l - a scroll of immolation {unknown}
 m - a scroll of identify {unknown}
Potions
 d - a potion of might
 e - a potion of mutation {unknown}
Comestibles
 f - a bread ration
 j - a meat ration


   Skills:
 + Level 4.6 Fighting
 * Level 4.3 Long Blades
 - Level 4.0 Armour
 - Level 3.7 Shields


You had 3 spell levels left.
You didn't know any spells.

Dungeon Overview and Level Annotations

Branches:
Dungeon (2/15)

Altars:

Annotations:
D:2 Natasha


Innate Abilities, Weirdness & Mutations

You reflexively headbutt those who attack you in melee.
You have a pair of horns on your head.


Message History

You block Natasha's attack. The crimson imp barely misses you.
You riposte.
Your scale mail prevents you from hitting the crimson imp.
You headbutt the crimson imp.
The crimson imp is moderately wounded.
Natasha casts a spell at you. You resist with some effort.
You hit Natasha. Your headbutt misses Natasha.
Natasha is heavily wounded.
The crimson imp hits you.
* * * LOW HITPOINT WARNING * * *
Natasha barely misses you. The crimson imp completely misses you.
You riposte.
You hit the crimson imp.
The crimson imp is lightly wounded.
Natasha stares at you and mumbles some strange words.
The magic dart hits you!
* * * LOW HITPOINT WARNING * * *
You closely miss Natasha. Your headbutt misses Natasha.
Natasha is heavily wounded.
The crimson imp blinks!
Natasha claws you.
You die...

##### ..... >.?. ..#.
#..# ... #. #..# .#.
##.# #h§# ..
...#####@.# ..
#.........##### .#
#......$........ .#
#.....5...#####. .#
#.............# .#
#.........#.#.#
.########.........#.#
........>........## #
..########..#.####


You could see Natasha and a crimson imp.

Vanquished Creatures
  Natasha (D:2)
  An adder (D:2)
  An ooze (D:1)
  A worm (D:2)
  5 dart slugs
  A leopard gecko (D:1)
  4 giant cockroaches
  A goblin (D:2)
  5 hobgoblins
  A quokka (D:2)
  A ball python (D:1)
  5 bats
  2 frilled lizards (D:1)
  5 kobolds (D:1)
  7 rats
41 creatures vanquished.

Notes
Turn   | Place    | Note
-------+----------+-------------------------------------------
     0 | D:1      | Dainius the Minotaur Fighter began the quest for the Orb.
     0 | D:1      | Reached XP level 1. HP: 19/19 MP: 0/0
   135 | D:1      | Reached XP level 2. HP: 21/27 MP: 1/1
   235 | D:1      | You fall through a shaft!
   349 | D:1      | Reached XP level 3. HP: 27/33 MP: 2/2
  1034 | D:2      | Noticed Natasha
  1046 | D:2      | Killed Natasha
  1046 | D:2      | Reached XP level 4. HP: 24/41 MP: 3/3
  1071 | D:2      | Noticed Natasha
  1081 | D:2      | HP: 2/41 [Natasha/magic dart (7)]
  1082 | D:2      | Slain by Natasha

Skill      XL: |  1  2  3 |
---------------+----------+-----
Armour         | 4 |  4.0
Fighting       | 4 |  4.6
Long Blades    | 3 4 |  4.3
Shields        | |  3.7

Action                   |  1- 3 |  4- 6 || total
-------------------------+-------+-------++-------
Melee: Long sword        |    84 |    10 ||    94
       Headbutt          |    12 |     1 ||    13
  Eat: Chunk             |     1 |       ||     1
Armor: Scale mail        |    44 |     3 ||    47
Dodge: Dodged            |    28 |     5 ||    33
Block: Shield            |    41 |     5 ||    46
       Rpst.: Long sword |     9 |     2 ||    11
